 Dungeon Crawl Stone Soup version 0.26.1-11-gd32895ea62 (webtiles) character file.

Game seed: 12507141148288671207

3567 seveneves the Blocker (level 9, -11/78 HPs)
             Began as a Minotaur Fighter on July 18, 2021.
             Was a Priest of Nemelex Xobeh.
             Mangled by an orc knight
             ... wielding a +0 trident
              (32 damage)
             ... in a bailey.
             The game lasted 00:46:03 (4977 turns).

seveneves the Blocker (Minotaur Fighter)            Turns: 4977, Time: 00:46:08

Health: -11/78     AC: 15    Str: 27    XL:     9   Next: 84%
Magic:  8/8        EV: 11    Int:  5    God:    Nemelex Xobeh [***...]
Gold:   439        SH: 13    Dex: 10    Spells: 8/8 levels left

rFire    + . .     SeeInvis .   A - +6 war axe of the Spheres {freeze, rN+ Will+}
rCold    x . .     Faith    .   c - +1 kite shield
rNeg     + . .     Spirit   .   C - +1 plate armour
rPois    .         Reflect  .   (helmet restricted)
rElec    .         Harm     .   (no cloak)
rCorr    .         Rampage  .   (no gloves)
Will     +....                  b - +0 pair of boots
Stlth    ..........             (no amulet)
HPRegen  0.23/turn              i - +4 ring of evasion
MPRegen  0.11/turn              y - ring "Rujece" {Fire Str+3}

@: no status effects
A: retaliatory headbutt, horns 2
a: Renounce Religion, Draw Escape, Draw Destruction, Draw Summoning, Triple Draw


You were in a bailey.
You worshipped Nemelex Xobeh.
Nemelex Xobeh was most pleased with you.
You visited 1 branch of the dungeon, and saw 7 of its levels.
You also visited: Sewer and Bailey.

You collected 439 gold pieces.

Inventory:

Hand Weapons
 j - a +3 quarterstaff of chaos
 l - a +3 mace of protection
 m - a +5 flail of protection
 o - a +2 war axe of distortion
 A - the +6 war axe of the Spheres (weapon) {freeze, rN+ Will+}
   (You found it on level 5 of the Dungeon)

   It has been specially enchanted to freeze those struck by it, causing extra
   injury to most foes and up to half again as much damage against particularly
   susceptible opponents.
   It can also slow down cold-blooded creatures.
   It protects you from negative energy.
   It affects your willpower, your defense against some magical effects.
Missiles
 n - 2 datura-tipped darts (quivered)
Armour
 b - a +0 pair of boots (worn)
 c - a +1 kite shield (worn)
 p - the +4 ring mail "Seddehew" {rC+}
   (You found it on level 4 of the Dungeon)

   It protects you from cold.
 C - a +1 plate armour (worn)
Jewellery
 i - a +4 ring of evasion (left hand)
 q - an uncursed ring of willpower
 y - the ring "Rujece" (right hand) {Fire Str+3}
   (You found it on level 5 of the Dungeon)

   [ring of fire]

   It enhances your fire magic.
   It affects your strength (+3).
   It protects you from fire.
   It makes you vulnerable to cold.
Scrolls
 a - a scroll of summoning {unknown}
 e - 3 scrolls of remove curse
 f - 2 scrolls of teleportation
 h - a scroll of amnesia {unknown}
 v - a scroll of fear {unknown}
 x - 5 scrolls of identify
 z - a scroll of enchant weapon
 B - a scroll of fog {unknown}
Potions
 d - a potion of might
 g - 6 potions of curing
 t - a potion of heal wounds
 u - 3 potions of flight
 w - a potion of berserk rage {unknown}


   Skills:
 + Level 6.7 Fighting
 + Level 5.0 Long Blades
 + Level 8.1(9.2) Axes
 + Level 6.4(8.3) Maces & Flails
 + Level 7.3 Armour
 + Level 2.9 Dodging
 + Level 0.5 Stealth
 + Level 9.0 Shields
 + Level 0.2 Invocations


You had 8 spell levels left.
You didn't know any spells.
Your spell library contained the following spells:

 Spells                   Type           Power        Failure   Level
 Corona                   Hex            0%           100%        1
 Slow                     Hex            0%           100%        2
 Inner Flame              Hex/Fire       0%           100%        3
 Portal Projectile        Hex/Tloc       0%           100%        3
 Cause Fear               Hex            0%           100%        4
 Leda's Liquefaction      Hex/Erth       0%           100%        4


Dungeon Overview and Level Annotations

Branches:
Dungeon (7/15)             Temple (0/1) D:5           Sewer (visited)
 Bailey (1/1)

Altars:
Ashenzari
Dithmenos
Elyvilon
Fedhas
Hepliaklqana
Kikubaaqudgha
Nemelex Xobeh
Qazlal
Trog
Uskayaw
Vehumet
Zin


Innate Abilities, Weirdness & Mutations

You reflexively headbutt those who attack you in melee.
You have a pair of horns on your head.


Message History

2 orc knights come into view.
The orc knight shouts!
The orc knight roars a battlecry!
The orc knight goes into a battle-frenzy!
The orc knight roars a battlecry!
The orc knight goes into a battle-frenzy!
Found an embroidered robe and 352 gold pieces.
Throw: 3 darts (datura)
Press: ? - help, Q - select action, (/) - cycle Shift-Dir - straight line, f - orc knight
Aim: an orc knight, wielding a +0 trident and wearing a +0 ring mail (strong, 50% to hit, chance to frenzy on hit: 3%)
You throw a datura-tipped dart.
The datura-tipped dart closely misses the orc knight.
You swap places.
An orc knight comes into view. It is wielding a +0 halberd.
The orc knight shouts!
The orc knight hits you from afar with a +0 halberd!
* * * LOW HITPOINT WARNING * * *
The orc knight hits you from afar with a +0 trident!!
You die...
Your body glows slightly and disappears.

## ## ##.#
#########∩## ###
#$o.##.....##...##...
#[..#..≈≈≈..#...#.)≈≈
#...#.≈≈.≈≈.......≈≈o
#(..@yy.∩)≈)......≈oo
#.o.#y≈≈)≈≈((.....≈≈o
#.o.#..≈≈≈)(#(..#..≈
#[..##....(##.(.#
##.# #########∩## ##
###


You could see 3 orc knights and 3 friendly killer bees.

Vanquished Creatures
  An ugly thing (D:6)
  Grinder (Sewer)
  Prince Ribbit (D:5)
  Eustachio (D:5)
  Edmund (D:5)
  A water moccasin (D:6)
  A swamp drake (D:7)
  3 orc warriors
  6 ogres
  A wolf (D:7)
  A big kobold (Sewer)
  A scorpion (D:7)
  A water moccasin skeleton (D:7)
  4 wights (D:7)
  A howler monkey (D:5)
  A jelly (D:7)
  2 quasits (Sewer)
  A hound (D:4)
  5 orc wizards
  A bullfrog skeleton (D:5)
  3 orc priests
  Crazy Yiuf (D:3)
  A centaur skeleton (D:6)
  An iguana (D:7)
  5 worker ants
  3 big kobold zombies (Sewer)
  A gnoll (D:7)
  5 adders
  A shadow imp (Sewer)
  A white imp (D:7)
  5 ufetubi
  3 oozes
  A worm (D:2)
  4 dart slugs
  2 leopard geckos (D:5)
  17 orcs
  10 giant cockroaches
  14 goblins
  12 hobgoblins
  14 jackals
  5 quokkas
  7 ball pythons
  14 bats
  6 frilled lizards
  A jackal skeleton (D:4)
  23 kobolds
  A kobold zombie (Sewer)
  A quokka skeleton (D:7)
  13 rats
210 creatures vanquished.

Vanquished Creatures (collateral kills)
  4 orc warriors
  An orc wizard (D:7)
  2 orcs
7 creatures vanquished.

Vanquished Creatures (others)
  An ooze (Sewer)
  A goblin (D:7)
  A kobold zombie (Sewer)
  A plant (D:3)
  4 withered plants (D:6)
8 creatures vanquished.

Grand Total: 225 creatures vanquished

Notes
Turn   | Place    | Note
-------+----------+-------------------------------------------
     0 | D:1      | seveneves the Minotaur Fighter began the quest for the Orb.
     0 | D:1      | Reached XP level 1. HP: 19/19 MP: 0/0
   155 | D:1      | Reached XP level 2. HP: 25/27 MP: 1/1
   393 | D:1      | Reached skill level 4 in Shields
   521 | D:1      | Reached XP level 3. HP: 33/33 MP: 2/2
   768 | D:2      | Found a hide-covered altar of Uskayaw.
  1118 | D:2      | Reached XP level 4. HP: 38/40 MP: 3/3
  1579 | D:3      | Found a white marble altar of Elyvilon.
  1579 | D:3      | Found a sparkling altar of Nemelex Xobeh.
  1579 | D:3      | Found a hazy altar of Hepliaklqana.
  1600 | D:3      | Became a worshipper of Nemelex Xobeh the Trickster
  1705 | D:3      | Reached XP level 5. HP: 42/47 MP: 4/4
  1959 | D:3      | Reached skill level 1 in Dodging
  2027 | D:3      | Found a shadowy altar of Dithmenos.
  2079 | D:3      | Found a runed translucent door.
  2080 | D:3      | Noticed Crazy Yiuf
  2084 | D:3      | Killed Crazy Yiuf
  2219 | D:3      | Reached * piety under Nemelex Xobeh
  2271 | D:4      | Reached skill level 5 in Armour
  2319 | D:4      | Found a radiant altar of Vehumet.
  2326 | D:4      | Reached skill level 5 in Shields
  2350 | D:4      | Noticed an ogre
  2358 | D:4      | Killed an ogre
  2359 | D:4      | Reached skill level 1 in Maces & Flails
  2359 | D:4      | Reached XP level 6. HP: 52/53 MP: 5/5
  2383 | D:4      | Received a gift from Nemelex Xobeh
  2420 | D:4      | Got an ichor-stained ring mail
  2424 | D:4      | Identified the +4 ring mail "Seddehew" {rC+} (You found it
                  | on level 4 of the Dungeon)
  2461 | D:4      | Found a stormy altar of Qazlal.
  2760 | D:5      | Entered Level 5 of the Dungeon
  2769 | D:5      | Found a glowing drain.
  2780 | Sewer    | Entered a sewer
  2784 | Sewer    | Reached skill level 5 in Long Blades
  2793 | Sewer    | Reached ** piety under Nemelex Xobeh
  2911 | Sewer    | Found a burning altar of Makhleb.
  2920 | Sewer    | Reached XP level 7. HP: 58/60 MP: 6/6
  2927 | Sewer    | Noticed Grinder
  2929 | Sewer    | Paralysed by Grinder for 5 turns
  2936 | Sewer    | Paralysed by Grinder for 3 turns
  2949 | Sewer    | Paralysed by Grinder for 3 turns
  2956 | Sewer    | Killed Grinder
  2957 | Sewer    | Reached skill level 5 in Fighting
  2999 | Sewer    | Reached skill level 6 in Shields
  3096 | D:5      | Got a translucent bronze ring
  3098 | D:5      | Identified the ring "Rujece" {Fire Str+3} (You found it on
                  | level 5 of the Dungeon)
  3155 | D:5      | Reached skill level 5 in Maces & Flails
  3182 | D:5      | Got an iridescent war axe
  3188 | D:5      | Identified the +6 war axe of the Spheres {freeze, rN+
                  | Will+} (You found it on level 5 of the Dungeon)
  3386 | D:5      | Reached XP level 8. HP: 67/68 MP: 7/7
  3434 | D:5      | Found a staircase to the Ecumenical Temple.
  3440 | D:5      | Reached skill level 7 in Shields
  3460 | D:5      | Reached skill level 1 in Axes
  3485 | D:5      | Got a faintly glowing robe
  3657 | D:5      | Noticed Prince Ribbit
  3666 | D:5      | Killed Prince Ribbit
  3681 | D:5      | Noticed Eustachio
  3692 | D:5      | Killed Eustachio
  3707 | D:5      | Noticed Edmund
  3719 | D:5      | Killed Edmund
  3886 | D:5      | Found a broken altar of Ashenzari.
  4038 | D:6      | Received a gift from Nemelex Xobeh
  4181 | D:6      | Noticed a green ugly thing
  4184 | D:6      | Reached skill level 8 in Shields
  4193 | D:6      | Reached XP level 9. HP: 50/75 MP: 8/8
  4193 | D:6      | Killed a green ugly thing
  4194 | D:6      | Reached skill level 5 in Axes
  4317 | D:6      | Found an ancient bone altar of Kikubaaqudgha.
  4394 | D:7      | Reached *** piety under Nemelex Xobeh
  4484 | D:7      | Identified the cursed +1 robe of Wiomiok {Str+3} (You found
                  | it on level 5 of the Dungeon)
  4785 | D:7      | Found a bloodstained altar of Trog.
  4924 | D:7      | Found a blossoming altar of Fedhas.
  4925 | D:7      | Found a glowing silver altar of Zin.
  4944 | D:7      | Found a flagged portal.
  4954 | Bailey   | Entered a bailey
  4954 | Bailey   | Noticed an orc knight
  4971 | Bailey   | Reached skill level 9 in Shields
  4975 | Bailey   | Noticed an orc knight
  4975 | Bailey   | Noticed an orc knight
  4977 | Bailey   | Noticed an orc knight
  4977 | Bailey   | Mangled by an orc knight

Illustrated notes

Levels and vault maps discovered:
D:1:      erik_arrival_triangle_small, layout_loops_cross, nrook_mini_vaults,
          minmay_nonomino_d4
D:2:      layout_basic, general_overflow_altar, minmay_3d_cube
D:3:      layout_rooms, gammafunk_temple_overflow_forgotten,
          grunt_dithmenos_smoke_and_mirrors, uniq_crazy_yiuf_cottage
D:4:      layout_cave_pools, kennysheep_little_box, vehumet_altar_wand_db
D:5:      layout_basic, marbit_many_paths, minmay_temple_entry_trees,
          cheibrodos_sewer_entry_sluice, uniq_eustachio, uniq_prince_ribbit1,
          uniq_edmund
D:6:      layout_rooms, kiku_gazebo_garden_becter, serial_shops,
          nicolae_shop_window_shopping
D:7:      layout_basic, gammafunk_temple_overflow_pools, enter_bailey_3,
          trog_hazing_becter
Bailey:   bailey_polearm_4, bailey

Skill      XL: |  1  2  3  4  5  6  7  8  9 |
---------------+----------------------------+-----
Armour         | 4 5 6 7 |  7.3
Fighting       | 4 5 6 |  6.7
Shields        | 4 5 6 8 9 |  9.0
Long Blades    | 3 4 5 |  5.0
Dodging        | 1 2 |  2.9
Maces & Flails | 1 3 5 6 |  6.4
Axes           | 3 8 |  8.1
Stealth        | |  0.5
Invocations    | |  0.2

Action                   |  1- 3 |  4- 6 |  7- 9 || total
-------------------------+-------+-------+-------++-------
Melee: Long sword        |   115 |   103 |       ||   218
       Headbutt          |    15 |    32 |    28 ||    75
       Mace              |       |    96 |    56 ||   152
       War axe           |       |       |   113 ||   113
Throw: Dart              |       |       |     1 ||     1
Invok: Draw Destruction  |       |     1 |     6 ||     7
       Draw Summoning    |       |       |     3 ||     3
       Triple Draw       |       |       |     1 ||     1
  Use: Scroll            |       |     4 |     9 ||    13
       Potion            |       |     1 |     5 ||     6
Armor: Scale mail        |    63 |    12 |       ||    75
       Chain mail        |       |   123 |    66 ||   189
       Plate armour      |       |       |    16 ||    16
Dodge: Dodged            |    32 |    93 |    89 ||   214
Block: Kite shield       |    69 |   125 |   135 ||   329
       Rpst.: Long sword |     5 |     9 |       ||    14
